 Dungeon Crawl Stone Soup version 0.29.1-2-gbd0b4ee654 (webtiles) character file.

Game seed: 8117409352766600047

191 GorkyZ the Covered (level 5, 0/33 HPs)
             Began as a Gargoyle Fighter on Nov 26, 2022.
             Slain by Blork the orc
             ... wielding a +0 halberd
              (4 damage)
             ... on level 4 of the Dungeon.
             The game lasted 00:05:54 (2424 turns).

GorkyZ the Covered (Gargoyle Fighter)               Turns: 2424, Time: 00:05:55

Health: 0/33       AC: 12    Str: 21    XL:     5   Next: 70%
Magic:  5/5        EV:  9    Int:  9    God:
Gold:   75         SH:  4    Dex:  9    Spells: 4/4 levels left

rFire   . . .      SeeInvis .   a - +0 war axe
rCold   . . .      Faith    .   c - +0 buckler
rNeg    + . .      Spirit   .   b - +0 scale mail
rPois   ∞          Reflect  .   (no helmet)
rElec   +          Harm     .   o - +0 cloak
rCorr   .          Rampage  .   (no gloves)
Will    .....                   (no boots)
Stlth   ..........              w - amulet of the acrobat
HPRegen 0.11/turn               k - ring of flight
MPRegen 0.09/turn               (no ring)

@: flying
A: sickness immunity, AC +4, negative energy resistance 1, electricity
resistance, torment resistance 1, petrification resistance
a: no special abilities


You were on level 4 of the Dungeon.
You visited 1 branch of the dungeon, and saw 4 of its levels.

You collected 85 gold pieces.
You spent 10 gold pieces at shops.

Inventory:

Hand Weapons
 a - a +0 war axe (weapon)
Missiles
 e - 4 javelins (quivered)
 i - 13 boomerangs
 u - 2 poisoned darts
 v - 4 boomerangs of dispersal
Armour
 b - a +0 scale mail (worn)
 c - a +0 buckler (worn)
 o - a +0 cloak (worn)
Jewellery
 k - a ring of flight (left hand)
 w - an amulet of the acrobat (around neck)
Scrolls
 f - a scroll of silence {unknown}
 g - a scroll of enchant armour {unknown}
 j - 3 scrolls of identify {unknown}
 n - a scroll of magic mapping {unknown}
 q - 2 scrolls of immolation {unknown}
 r - a scroll of noise {unknown}
 s - 2 scrolls of enchant weapon {unknown}
Potions
 d - a potion of might
 h - a potion of brilliance {unknown}
 l - 2 potions of degeneration
 m - 2 potions of heal wounds {unknown}
 p - a potion of lignification {unknown}
 t - 3 potions of berserk rage {unknown}


   Skills:
 + Level 3.9 Fighting
 + Level 2.4 Axes
 + Level 1.5 Throwing
 + Level 4.1 Armour
 + Level 1.2 Dodging
 + Level 3.9 Shields
 + Level 1.4 Evocations


You had 4 spell levels left.
You didn't know any spells.
Your spell library was empty.

Dungeon Overview and Level Annotations

Branches:
Dungeon (4/15)
 Temple: D:4-7

Altars:

Shops:
D:2 !

Annotations:
D:4 Blork the orc


Innate Abilities, Weirdness & Mutations

You are immune to sickness and miasma.
Your stone body is resilient. (AC +4)
You are immune to poison.
You resist negative energy. (rN+)
You are resistant to electric shocks. (rElec)
You are resistant to unholy torment.
You are immune to petrification.


Message History

The centaur zombie hits you but does no damage.
The centaur zombie barely misses you. Blork the orc completely misses you.
The centaur zombie completely misses you. x2
Blork the orc completely misses you.
You slash the centaur zombie!
The centaur zombie is almost destroyed.
You hit the adder skeleton. You barely miss Blork the orc.
You block the centaur zombie's attack. The centaur zombie barely misses you.
Blork the orc hits you with a +0 halberd!
The adder skeleton bites you but does no damage.
The centaur zombie hits you but does no damage.
The centaur zombie closely misses you. Blork the orc barely misses you.
You block Blork the orc's attack.
The adder skeleton completely misses you.
You completely miss Blork the orc.
Blork the orc is severely wounded.
You completely miss the centaur zombie. You slash the adder skeleton!
You destroy the adder skeleton!
Blork the orc hits you with a +0 halberd!
* * * LOW HITPOINT WARNING * * *
The centaur zombie completely misses you.
The centaur zombie kicks you but does no damage.
Blork the orc screams, "You are the ugliest creature I've ever seen!"
Blork the orc hits you but does no damage.
The centaur zombie closely misses you. x2
Blork the orc hits you with a +0 halberd.
* * * LOW HITPOINT WARNING * * *
You block the centaur zombie's attack.
The centaur zombie kicks you but does no damage.
Blork the orc closely misses you.
You hit the centaur zombie.
You destroy the centaur zombie!
You barely miss Blork the orc.
Blork the orc gestures at you while chanting.
The puff of flame misses you. Blork the orc barely misses you.
You slash Blork the orc!
Blork the orc is almost dead.
Blork the orc hits you with a +0 halberd.
You die...

#####+###
#.......#
#.......#
#.......#
#..@....#
#...o<..#
#.......#
#.......#
#.......#
###...8##
#88.8#
######


You could see Blork the orc (fast).

Vanquished Creatures
  A black bear (D:3)
  A centaur zombie (D:4)
  An adder (D:2)
  An adder skeleton (D:4)
  A worm (D:2)
  A dart slug (D:2)
  5 endoplasms
  A giant cockroach (D:1)
  6 goblins
  6 hobgoblins
  6 jackals
  4 kobolds
  A quokka (D:1)
  4 ball pythons
  5 bats
  4 frilled lizards
  5 rats
53 creatures vanquished.

Notes
Turn   | Place    | Note
-------+----------+-------------------------------------------
     0 | D:1      | GorkyZ the Gargoyle Fighter began the quest for the Orb.
     0 | D:1      | Reached XP level 1. HP: 14/14 MP: 1/1
    91 | D:1      | Reached XP level 2. HP: 10/19 MP: 2/2
   640 | D:1      | Reached XP level 3. HP: 23/23 MP: 3/3
   782 | D:2      | Found Unetisia's Distillery.
   793 | D:2      | Bought a potion of degeneration for 10 gold pieces
  1659 | D:3      | Reached XP level 4. HP: 28/28 MP: 4/4
  1699 | D:3      | Reached skill level 1 in Throwing
  1963 | D:3      | Noticed a black bear
  1966 | D:3      | Found a faded altar of an unknown god.
  1970 | D:3      | Killed a black bear
  1971 | D:3      | Reached skill level 4 in Armour
  1971 | D:3      | Reached skill level 1 in Dodging
  1971 | D:3      | Reached skill level 1 in Evocations
  1971 | D:3      | Reached XP level 5. HP: 20/33 MP: 5/5
  2406 | D:4      | Noticed Blork the orc
  2424 | D:4      | Slain by Blork the orc

Illustrated notes

Levels and vault maps discovered:
D:1:      mrwooster_arrival_statue_3, layout_rooms, minmay_misc_feat_diagonals
D:2:      layout_basic, serial_shops, shop, minmay_pentomino_o2
D:3:      layout_basic, basic_ecumenical_altar, supply_closet_lemuel
D:4:      layout_gridville, serial_undead, serial_undead_d, serial_undead_c,
          serial_undead_f, serial_undead_c, serial_undead_d, serial_undead_b,
          uniq_blork_the_orc

Skill      XL: |  1  2  3  4 |
---------------+-------------+-----
Axes           | 2 |  2.4
Throwing       | 1 |  1.5
Armour         | 4 |  4.1
Dodging        | 1 |  1.2
Evocations     | 1 |  1.4
Fighting       | |  3.9
Shields        | |  3.9

Action                   |  1- 3 |  4- 6 || total
-------------------------+-------+-------++-------
Melee: War axe           |   113 |    38 ||   151
Armor: Scale mail        |    96 |    43 ||   139
Dodge: Dodged            |    80 |    54 ||   134
Block: Buckler           |    28 |    14 ||    42
